 Dungeon Crawl Stone Soup version 0.31-a0-986-g5e6e4ef867 (webtiles) character file.

Game seed: 1543204341337066195

4 Xavori the Trooper (level 1, -3/20 HPs)
             Began as a Djinni Chaos Knight on Nov 6, 2023.
             Was a Plaything of Xom.
             Slain by a kobold
             ... wielding a +0 short sword
              (4 damage)
             ... on level 1 of the Dungeon.
             The game lasted 00:00:07 (37 turns).

Xavori the Trooper (Djinni Chaos Knight)              Turns: 37, Time: 00:00:08

Health: -3/20      AC:  5    Str: 11    XL:     1   Next: 66%
Gold:   0          EV: 11    Int: 13    God:    Xom [..*...] SH:  0 Dex: 12

rFire   + + .        a - +0 falchion (chaos)
rCold   x . .        (no shield)
rNeg    . . .        b - +2 leather armour
rPois   ∞            (no helmet)
rElec   .            (no cloak)
rCorr   .            (no gloves)
SInv    .            (boots unavailable)
Will    .....        (no amulet)
Stlth   +            (no ring)
HPRegen 0.23/turn    (no ring)
MPRegen 0.00/turn

%: infuse magic (-4 HP)
@: flying
A: sickness immunity, fire resistance 2, cold vulnerability 1, float, innate
caster, HP casting, extra vitality 1
a: Renounce Religion


You were on level 1 of the Dungeon.
You worshipped Xom.
You were a toy of Xom.
You visited 1 branch of the dungeon, and saw 1 of its levels.

Inventory:

Hand Weapons
 a - a +0 falchion of chaos (weapon)
Armour
 b - a +2 leather armour (worn)
Scrolls
 c - a scroll of butterflies


   Skills:
 + Level 3.0 Fighting
 + Level 2.7 Long Blades
 + Level 1.0 Armour
 + Level 2.2 Dodging
 * Level 0.1 Spellcasting
 * Level 0.1 Conjurations
 * Level 0.1 Hexes
   Level 0.0 Charms
 * Level 0.1 Summonings
 * Level 0.1 Necromancy
 * Level 0.1 Translocations
 * Level 0.1 Transmutations
 * Level 0.1 Fire Magic
 * Level 0.1 Ice Magic
 * Level 0.1 Air Magic
 * Level 0.1 Earth Magic
 * Level 0.1 Poison Magic You didn't know any spells. Your spell library was empty.

Dungeon Overview and Level Annotations

Branches:
Dungeon (1/15)

Altars:


Innate Abilities, Weirdness & Mutations

You are immune to sickness and miasma.
You are immune to poison.
Your flesh is very heat resistant. (rF++)
You are vulnerable to cold. (rC-)
You float through the air rather than walking.
You learn spells naturally, not from books.
Your magical power is your life essence.
You have superior vitality. (+4 MHP)


Message History

Unknown command.
You hit the goblin but do no damage.
The kobold hits you with a +0 short sword.
The goblin hits you but does no damage.
Unknown command.
You barely miss the goblin. The kobold closely misses you.
The goblin hits you but does no damage.
Unknown command.
You closely miss the goblin. The kobold hits you but does no damage.
The goblin hits you with a +0 club. The kobold hits you but does no damage.
The goblin hits you with a +0 club.
Unknown command.
You are too injured to fight recklessly!
You are too injured to fight recklessly!
Unknown command.
You are too injured to fight recklessly!
Unknown command.
You closely miss the kobold. The goblin completely misses you.
The kobold misses you.
You hit the goblin but do no damage. The goblin barely misses you.
The kobold hits you with a +0 short sword.
You hit the goblin but do no damage. The kobold hits you but does no damage.
The goblin hits you with a +0 club.
You completely miss the goblin. The kobold barely misses you.
The goblin misses you.
You barely miss the goblin. The kobold barely misses you.
The goblin closely misses you.
You barely miss the goblin. The kobold closely misses you.
The goblin closely misses you.
The kobold hits you with a +0 short sword.
* * * LOW HITPOINT WARNING * * *
The goblin barely misses you.
You closely miss the goblin. The goblin hits you with a +0 club.
* * * LOW HITPOINT WARNING * * *
The kobold hits you with a +0 short sword.
* * * LOW HITPOINT WARNING * * *
You slash the goblin! Lightning courses through the goblin!
You kill the goblin!
The kobold hits you with a +0 short sword.
You die...

####........
#........[..
#..........#
#..........#
#..........#
#..........#
#..........#
#..)@).....#
#....K......
#..........#
#..........#
#...........
#..........#
##########..
##


You could see a kobold.

Vanquished Creatures
  A giant cockroach (D:1)
  2 goblins (D:1)
  A bat (D:1)
  A kobold (D:1)
5 creatures vanquished.

Notes
Turn   | Place    | Note
-------+----------+-------------------------------------------
     0 | D:1      | Xavori the Djinni Chaos Knight began the quest for the Orb.
     0 | D:1      | Reached XP level 1. HP: 20/20 MP: 0/0
    36 | D:1      | HP: 1/20 [kobold/+0 short sword (1)]
    37 | D:1      | Slain by a kobold

Illustrated notes

Levels and vault maps discovered:
D:1:      tarquinn_simple_flora_water_c, layout_basic

Action                     || total
---------------------------++-------
  Melee: Falchion          ||    20
 Armour: Leather armour    ||    22
  Dodge: Dodged            ||    15

Table legend: (Time is in decaauts)
 A = Elapsed time spent in this place.
 B = Non-inter-level travel time spent in this place.
 C = Inter-level travel time spent in this place.
 D = Time resting spent in this place.
 E = Time spent auto-exploring this place.
 F = Levels seen in this place.
 G = Mean time per level.
                   A        B        C        D        E       F      G
               +--------+--------+--------+--------+--------+-----+--------+
         Total |     40 |     40 |      0 |      0 |     11 |   1 |   40.0 |
       Dungeon |     40 |     40 |      0 |      0 |     11 |   1 |   40.0 |
               +--------+--------+--------+--------+--------+-----+--------+

Top non-repeatable levels by time:
     D:1: 40 daAuts
